 Dungeon Crawl Stone Soup version 0.32-a0-961-gd60f5e5fc7 (webtiles) character file.

Game seed: 16112678601444508652

101 Nietzsche the Poker (level 4, -2/33 HPs)
             Began as a Demonspawn Gladiator on Apr 17, 2024.
             Slain by a water moccasin (9 damage)
             ... on level 3 of the Dungeon.
             The game lasted 00:04:45 (1834 turns).

Nietzsche the Poker (Demonspawn Gladiator)          Turns: 1834, Time: 00:04:46

Health: -2/33      AC:  3    Str: 18 (20) XL:     4   Next: 48%
Magic:  14/14      EV: 11    Int:  8 (11) God:
Gold:   154        SH:  0    Dex: 12 (14) Spells: 4/4 levels left

rFire   . . .        a - +0 trident
rCold   . . .        (no shield)
rNeg    . . .        b - +0 leather armour
rPois   .            (helmet restricted)
rElec   .            (no cloak)
rCorr   .            (no gloves)
SInv    .            (no boots)
Will    .....        (no amulet)
Stlth   +            r - +6 ring of strength
HPRegen 0.25/turn    q - ring of magical power
MPRegen 0.14/turn

%: no passive effects
@: lethally poisoned (-2 -> -3), invisible
A: antennae 1
a: no special abilities


You were on level 3 of the Dungeon.
You visited 1 branch of the dungeon, and saw 3 of its levels.

You collected 154 gold pieces.

Inventory:

Hand Weapons
 a - a +0 trident (weapon)
 u - a +5 dagger
Missiles
 d - 3 throwing nets (quivered)
 e - a javelin
Armour
 b - a +0 leather armour (worn)
 c - a +0 helmet
Jewellery
 o - a ring of magical power
 q - a ring of magical power (right hand)
 r - a +6 ring of strength (left hand)
Talismans
 i - a blade talisman
Scrolls
 g - 3 scrolls of identify {unknown}
 h - a scroll of vulnerability {unknown}
 j - 2 scrolls of enchant weapon {unknown}
 k - a scroll of teleportation {unknown}
 n - a scroll of acquirement {unknown}
 p - a scroll of torment {unknown}
 v - a scroll of fear {unknown}
 w - a scroll of poison {unknown}
Potions
 f - a potion of magic {unknown}
 l - 2 potions of invisibility
 m - a potion of degeneration
 s - 2 potions of enlightenment {unknown}
 t - a potion of heal wounds {unknown}


   Skills:
 + Level 2.1 Fighting
 + Level 3.5 Polearms
 + Level 2.0 Throwing
 + Level 3.2 Dodging
 + Level 0.9 Stealth
 * Level 0.9 Spellcasting
 * Level 1.2 Shapeshifting


You had 4 spell levels left.
You didn't know any spells.
Your spell library contained the following spells:

 Spells                   Type           Power      Damage    Failure   Level
 Dazzling Flash           Conj/Hex       0%         N/A       82%         3
 Mephitic Cloud           Conj/Alch/Air  0%         N/A       82%         3
 Silence                  Hex/Air        0%         N/A       100%        5


Dungeon Overview and Level Annotations

Branches:
Dungeon (3/15)

Altars:

Shops:
D:1 [([


Innate Abilities, Weirdness & Mutations

You have a pair of small antennae on your head.


Message History

You reach to attack!
You closely miss the water moccasin. The water moccasin barely misses you.
You closely miss the water moccasin. The water moccasin barely misses you.
You hit the water moccasin.
The water moccasin is lightly wounded.
The water moccasin barely misses you. x2
You miss the water moccasin.
The water moccasin is lightly wounded.
The water moccasin bites you!
You miss the water moccasin.
The water moccasin is lightly wounded.
The water moccasin barely misses you. The water moccasin closely misses you.
You hit the water moccasin but do no damage.
The water moccasin is lightly wounded.
The water moccasin bites you.
You are poisoned.
The water moccasin poisons you!
You barely miss the water moccasin.
The water moccasin is lightly wounded.
You feel very sick. The water moccasin misses you.
The water moccasin bites you.
You barely miss the water moccasin.
The water moccasin is lightly wounded.
You feel very sick. The water moccasin bites you.
You are too injured to fight recklessly!
You are too injured to fight recklessly!
It was a potion of invisibility.
You fade into invisibility!
You feel sick.
The water moccasin closely misses you. x2
You feel sick.
You feel sick.
You feel sick. The water moccasin barely misses you.
A hobgoblin comes into view.
You feel sick.
It was a potion of degeneration.
There was something very wrong with that liquid.
You feel weakened.
You feel dopey.
You feel clumsy.
You feel sick. The water moccasin bites you!
You die...

###........#.. ...
##....##..### ..#.
#..#.##....####.....
#..#...#.#.......#
##.###..†....#
#.####......#
#.##........#
####.#..S...#
#....@....#
g...###.....# ####
#.....# #.....#
#.....# #######


You could see a water moccasin (unable to see you) and a hobgoblin (asleep,
unable to see you).

Vanquished Creatures
  A gnoll (D:1)
  5 adders
  4 ball pythons
  8 bats
  3 endoplasms
  2 giant cockroaches (D:3)
  6 hobgoblins
  2 jackals (D:1)
  7 kobolds
  2 quokkas
  4 frilled lizards
  A goblin (D:2)
  3 rats
48 creatures vanquished.

Notes
Turn   | Place    | Note
-------+----------+-------------------------------------------
     0 | D:1      | Nietzsche the Demonspawn Gladiator began the quest for the
                  | Orb.
     0 | D:1      | Reached XP level 1. HP: 16/16 MP: 1/1
    17 | D:1      | Found a faded altar of an unknown god.
    58 | D:1      | Found Elolilua's Armour Emporium.
   286 | D:1      | Gained mutation: You have a pair of small antennae on your
                  | head. [demonic ancestry]
   286 | D:1      | Reached XP level 2. HP: 22/22 MP: 2/2
   354 | D:1      | Reached skill level 1 in Shapeshifting
   370 | D:1      | Found Qaskiq's Weapon Emporium.
   575 | D:1      | Reached XP level 3. HP: 26/27 MP: 3/3
   643 | D:1      | Found Hof Ojot's Antique Armour Emporium.
  1338 | D:2      | Reached XP level 4. HP: 27/33 MP: 4/4
  1820 | D:3      | Noticed a water moccasin
  1834 | D:3      | Slain by a water moccasin

Illustrated notes

Levels and vault maps discovered:
D:1:      spicycebolla_green_bress_n_ham, layout_loops_ring, serial_shops, shop,
          shop, nicolae_shop_overgrown_old_shop, ebering_ecumenical_altar_box,
          nicolae_houndstooth_variations
D:2:      cheibrodos_old_hovel, layout_rooms
D:3:      layout_rooms

Skill      XL: |  1  2  3 |
---------------+----------+-----
Dodging        | 3 |  3.2
Polearms       | 3 |  3.5
Shapeshifting  | 1 |  1.2
Throwing       | 2 |  2.0
Fighting       | |  2.1
Stealth        | |  0.9
Spellcasting   | |  0.9

Action                     |  1- 3 |  4- 6 || total
---------------------------+-------+-------++-------
  Melee: Trident           |    93 |    60 ||   153
    Use: Potion            |     1 |     2 ||     3
   Stab: Sleeping          |     4 |     2 ||     6
 Armour: Leather armour    |    50 |    45 ||    95
  Dodge: Dodged            |    53 |    59 ||   112

Table legend: (Time is in decaauts)
 A = Elapsed time spent in this place.
 B = Non-inter-level travel time spent in this place.
 C = Inter-level travel time spent in this place.
 D = Time resting spent in this place.
 E = Time spent auto-exploring this place.
 F = Levels seen in this place.
 G = Mean time per level.
                   A        B        C        D        E       F      G
               +--------+--------+--------+--------+--------+-----+--------+
         Total |   1860 |   1860 |      0 |      0 |   1320 |   3 |  620.0 |
       Dungeon |   1860 |   1860 |      0 |      0 |   1320 |   3 |  620.0 |
               +--------+--------+--------+--------+--------+-----+--------+

Top non-repeatable levels by time:
     D:1: 894 daAuts
     D:2: 725 daAuts
     D:3: 240 daAuts
